Map: Eternal Empire LE

Players

Ryuk - Winner!

  • Race: Terran Terran
  • League: Diamond
  • Spawn Location: 1:00

Marx

  • Race: Zerg Zerg
  • League: Diamond
  • Spawn Location: 7:00

VOD

Have the link to the VOD?

Description

For r/AllThingszerg

Time

  • Played on: July 23, 2020, 5:48 p.m.
  • Length: 30:32
Show
View Real Time Build Order
Export as new Build Order

Ryuk Terran - Winner!

Build Orders: Reaper Expand 

Get SALT Encoding   

  12  0:01  SCV  
  13  0:13  SCV  
  14  0:17  Supply Depot  
  14  0:25  SCV  
  15  0:39  SCV  
  15  0:40  Barracks  
  16  0:47  Refinery  
  16  0:51  SCV  
  17  1:03  SCV  
  18  1:15  SCV  
  19  1:27  Orbital Command  
  19  1:29  Reaper  
  20  1:41  Command Center  
  20  1:49  Refinery  
  20  1:53  SCV  
  21  2:00  Supply Depot  
  21  2:01  Marine  
  22  2:14  SCV  
  23  2:20  Factory  
  23  2:24  Barracks Reactor  
  23  2:30  SCV  
  24  2:49  SCV  
  25  2:57  Orbital Command  
  25  3:01  SCV  
  26  3:11  Hellion x2  
  26  3:12  Barracks Tech Lab  
  29  3:14  SCV  
  30  3:23  Starport  
  30  3:26  SCV  
  31  3:28  Barracks  
  31  3:32  Hellion, Barracks  
  33  3:35  SCV  
  33  3:38  SCV  
  33  3:40  Stimpack  
  35  3:48  Hellion  
  37  3:52  SCV x2  
  39  4:00  Supply Depot  
  39  4:05  SCV x2  
  39  4:08  Marine  
  39  4:09  Starport Reactor  
  42  4:14  Hellion  
  42  4:15  Hellion  
  42  4:16  Barracks Reactor  
  46  4:20  Barracks Reactor  
  46  4:23  SCV x2  
  48  4:25  Supply Depot  
  48  4:35  SCV x2, Marine  
  48  4:38  Hellion  
  53  4:45  Refinery  
  53  4:46  Hellion  
  53  4:47  SCV x2, Supply Depot  
  57  5:02  SCV x2  
  57  5:03  Marine x3  
  62  5:08  Marine x2  
  62  5:09  Supply Depot, Hellion x2  
  62  5:10  Medivac  
  70  5:20  Marine  
  70  5:21  SCV  
  70  5:22  Medivac, Marine x2  
  68  5:31  Marine  
  69  5:38  SCV x2, Marine  
  69  5:40  Marine  
  73  5:45  Supply Depot  
  73  5:50  SCV x2  
  73  5:54  Refinery  
  75  5:57  Supply Depot, Command Center, Marine x2  
  75  5:58  Marine  
  75  6:02  Engineering Bay  
  78  6:04  Marine  
  78  6:06  Marine  
  78  6:07  SCV, Engineering Bay  
  78  6:10  Marine  
  81  6:15  Marine  
  82  6:18  Marine x2  
  82  6:20  Siege Tank  
  82  6:21  Medivac x2  
  82  6:22  Marine  
  82  6:23  Supply Depot  
  82  6:24  Marine  
  93  6:28  SCV  
  93  6:31  Command Center  
  94  6:45  SCV, Marine x2  
  97  6:51  Viking x2  
  101  6:59  Siege Tank  
  88  7:06  Marine x2  
  88  7:07  Marine x4  
  74  7:15  SCV  
  75  7:23  Barracks  
  75  7:24  Marine x3  
  75  7:25  Marine  
  75  7:27  SCV x2  
  75  7:29  Terran Infantry Weapons Level 1, Terran Infantry Armor Level 1  
  81  7:33  Armory, Medivac  
  81  7:34  Medivac, Marine  
  86  7:37  Supply Depot  
  86  7:40  Marine  
  86  7:42  Marine x3  
  86  7:43  Orbital Command  
  90  7:49  Barracks  
  90  8:02  Marine  
  90  8:03  Orbital Command, Marine x5  
  96  8:11  SCV  
  97  8:20  Marine x2  
  97  8:21  Marine  
  97  8:23  Supply Depot  
  97  8:24  SCV x2, Supply Depot  
  97  8:25  Marine x3  
  97  8:26  Siege Tank  
  97  8:27  Medivac x2  
  110  8:30  Barracks Tech Lab  
  110  8:32  Barracks  
  112  8:38  Marine x2  
  114  8:47  SCV  
  114  8:48  SCV x2  
  117  8:53  Sensor Tower  
  116  9:16  Marine x5  
  116  9:17  Marine  
  111  9:18  Marine x2  
  111  9:19  Marine, Siege Tank  
  111  9:20  Medivac x2  
  120  9:34  Marine x2  
  120  9:35  Marine x4  
  120  9:36  Marine x2  
  120  9:37  Marauder  
  128  9:50  Medivac x2  
  128  9:51  Marine  
  128  9:52  Marine x2  
  103  9:53  Marine x3  
  103  9:54  Marine x2  
  103  9:58  Marine  
  105  10:06  SCV x2  
  105  10:07  SCV  
  108  10:09  Marine  
  108  10:10  Marine x3  
  108  10:11  Marine x2  
  108  10:12  Marine x2  
  116  10:15  Marine, Siege Tank  
  116  10:18  SCV x2  
  116  10:19  SCV  
  123  10:27  Marine  
  123  10:28  Marine x4, Sensor Tower  
  124  10:29  Marine x2  
  124  10:30  SCV, Marine  
  124  10:31  SCV  
  124  10:34  Terran Infantry Weapons Level 2  
  124  10:35  Terran Infantry Armor Level 2  
  133  10:47  Supply Depot  
  133  10:50  Supply Depot  
  133  10:55  Refinery  
  133  10:57  Refinery  
  133  10:59  Command Center  
  133  11:08  Marine x5, Siege Tank  
  141  11:19  Marine x4  
  141  11:24  Supply Depot  
  145  11:26  Supply Depot, Marine x3  
  148  11:46  Marauder  
  150  11:58  Supply Depot  
  150  12:25  Marine  
  150  12:26  Marauder, Marine x6  
  150  12:27  Marine  
  150  12:28  Siege Tank  
  150  12:29  Viking  
  165  12:30  Viking  
  167  12:43  Marine x2  
  167  12:44  Marine  
  169  12:47  Marauder  
  164  13:06  Marine x3  
  164  13:07  Marine x5  
  164  13:09  Marauder, Siege Tank  
  175  13:20  Sensor Tower  
  175  13:24  Marine x4  
  175  13:25  Marine x2  
  175  13:26  SCV x3  
  142  14:00  Marine x5  
  142  14:01  Marine x4  
  142  14:02  Medivac x2, Siege Tank  
  136  14:18  Marine x6  
  136  14:19  Marauder  
  136  14:23  Command Center, Marine x2  
  146  14:32  Medivac x2  
  146  14:34  Siege Tank  
  146  14:35  Marine  
  146  14:36  Marine x5  
  146  14:38  Terran Infantry Weapons Level 3, Terran Infantry Armor Level 3  
  159  14:41  Marauder, Marine x2  
  163  14:58  Marine x5  
  163  14:59  Marine x2  
  170  15:02  Marauder  
  170  15:06  Siege Tank  
  143  15:09  Marine  
  123  15:16  Marine x4  
  123  15:20  Marine  
  123  15:21  Marine x2  
  119  15:23  Marauder  
  119  15:27  Marine  
  117  15:29  Liberator  
  117  15:34  Marine x4  
  115  15:38  Marine x2, Siege Tank  
  115  15:39  Marine  
  121  15:45  Marauder, Marine  
  124  15:51  Marine x2  
  124  15:52  Marine  
  127  16:02  Planetary Fortress  
  127  16:06  Marauder  
  129  16:11  Siege Tank  
  129  16:15  Factory  
  129  16:17  Factory  
  132  16:28  Marauder  
  134  16:51  Siege Tank  
  134  16:53  Marine x3  
  134  16:54  Marauder, Marine x5  
  147  17:08  Factory Tech Lab  
  147  17:10  Factory Tech Lab  
  147  17:11  Marine x4  
  147  17:12  Marine x4  
  147  17:15  Marauder  
  157  17:28  Marine  
  157  17:29  Marine x2  
  160  17:37  Marauder  
  155  17:40  Marine x5  
  149  17:46  Marine  
  149  17:48  Marine x2  
  149  17:50  Siege Tank x2  
  149  17:51  Siege Tank  
  161  17:57  Marine  
  161  17:58  Marine x5  
  164  18:03  SCV x3  
  170  18:12  Marine x3  
  173  18:15  Marine  
  173  18:16  Marauder, Marine x3  
  179  18:22  Siege Tank  
  179  18:24  Supply Depot  
  179  18:26  Command Center  
  182  18:35  Marine  
  182  18:36  Marine x5  
  188  18:45  Marine x2  
  188  18:46  Marauder, Siege Tank  
  188  18:47  Supply Depot  
  195  18:59  Marine  
  196  19:08  Marine x4  
  200  19:45  Terran Vehicle Weapons Level 1  
  200  19:50  Planetary Fortress  
  200  19:56  Command Center  
  200  20:30  Refinery  
  200  20:33  Refinery  
  200  21:37  Marine x2  
  197  21:43  Marine  
  197  21:44  Marauder  
  200  21:50  Sensor Tower  
  199  22:05  Marauder  
  196  22:18  Siege Tank  
  196  22:19  Medivac  
  190  22:48  Marine x2  
  190  22:49  Marauder, Marine x6  
  190  22:51  Siege Tank x3  
  127  22:52  Medivac x2  
  95  23:06  Marine x3  
  95  23:07  Marine x5  
  95  23:10  Marine  
  83  23:23  Siege Tank x3  
  83  23:24  Marine x5  
  83  23:25  Marine x3  
  95  23:27  Marine  
  92  23:34  Orbital Command  
  92  23:38  Medivac  
  94  23:42  Marine x5  
  94  23:43  Marine x3  
  94  23:46  Marauder  
  104  23:55  Siege Tank  
  107  24:00  Marine x6  
  107  24:01  Marine x2  
  115  24:07  Marauder  
  109  24:17  Marine  
  109  24:18  Marine x6  
  109  24:19  Orbital Command  
  116  24:27  Marine  
  116  24:29  Marauder, Siege Tank x3  
  128  24:35  Marine x3  
  128  24:36  Marine  
  132  24:49  Orbital Command  
  132  24:50  Marauder  
  134  24:54  Marine x2  
  134  24:55  Marine x6  
  142  25:01  Siege Tank x2  
  135  25:11  Marauder  
  135  25:12  Marine x3  
  135  25:13  Marine x5  
  145  25:15  SCV  
  146  25:24  SCV  
  146  25:25  SCV x2  
  146  25:27  SCV  
  150  25:30  Marine x4  
  150  25:31  Marine  
  150  25:33  Marauder  
  157  25:37  SCV x3  
  160  25:52  Marine x4  
  160  25:53  Marine x3  
  160  25:54  Marauder, Siege Tank x2  
  175  26:13  Marine  
  175  26:14  Marine x5  
  175  26:16  Marauder  
  183  26:37  Marauder  
  168  26:42  Marine x6  
  168  26:43  Marine  
  168  26:45  Marine  
  134  26:58  Marauder  
  134  27:00  Marine x7  
  117  27:08  Marine  
  94  27:17  Marine  
  94  27:18  Marine x3  
  94  27:20  Marauder  
  98  27:23  Marine x2  
  98  27:27  Marine x2  
  102  27:35  Marine x2  
  104  27:37  Marine x2  
  104  27:41  Marauder  
  89  27:57  Orbital Command  
  89  28:08  Marine x3  
  89  28:09  Marine x6  
  98  28:26  Marine x4  
  98  28:27  Marine x5  
  97  28:59  Marine  
  97  29:00  Marauder, Marine x2  
  102  29:25  Marine  
  102  29:26  Marauder, Marine x4  
  109  29:36  Marine x3  
  112  29:43  Marine x2  
  112  29:44  Orbital Command, Marine  
  115  29:48  Marauder, Marine x2  
  119  29:53  Marine  
  119  29:54  Marine x2  
  122  30:01  Marine x3  
Show
View Real Time Build Order
Export as new Build Order

Marx Zerg 

Build Orders: Hatch First 

Get SALT Encoding   

  12  0:01  Drone  
  13  0:14  Overlord  
  13  0:17  Drone  
  14  0:32  Drone x2  
  16  0:37  Drone  
  17  0:53  Hatchery  
  17  0:55  Drone  
  17  0:59  Drone  
  18  1:08  Extractor  
  17  1:14  Spawning Pool  
  17  1:17  Drone  
  17  1:21  Drone  
  18  1:30  Drone  
  19  1:40  Overlord  
  19  1:51  Drone  
  20  2:02  Zergling x2  
  20  2:09  Queen x2  
  20  2:10  Zergling x2  
  20  2:13  Metabolic Boost  
  25  2:17  Drone  
  26  2:23  Drone x2  
  28  2:30  Zergling x2  
  29  2:39  Drone x2  
  31  2:55  Drone x2  
  33  3:03  Drone x2  
  35  3:09  Overlord  
  35  3:15  Drone  
  36  3:24  Hatchery, Queen, Extractor  
  36  3:25  Extractor  
  36  3:26  Drone  
  36  3:27  Drone  
  39  3:36  Zergling x2  
  39  3:37  Zergling x8  
  44  3:45  Overlord  
  42  4:01  Drone x2  
  42  4:02  Baneling Nest  
  42  4:05  Queen  
  44  4:11  Drone  
  44  4:14  Roach Warren, Drone x5  
  44  4:15  Zergling x2  
  50  4:29  Spine Crawler  
  49  4:33  Zergling x4  
  49  4:34  Overlord  
  49  4:37  Queen  
  53  4:52  Zergling x14  
  60  5:00  Pneumatized Carapace  
  60  5:05  Zergling x10  
  65  5:12  Overlord x2  
  62  5:22  Zergling x8  
  62  5:31  Overlord, Drone x4  
  62  5:32  Overlord x2  
  66  5:37  Lair  
  66  5:40  Drone, Extractor  
  66  5:47  Zergling x6  
  69  5:52  Spore Crawler  
  69  5:54  Drone  
  69  5:55  Drone x2  
  72  6:04  Zergling x8  
  72  6:09  Baneling x2  
  72  6:10  Baneling x3  
  75  6:24  Zergling x4  
  75  6:25  Zergling x16  
  84  6:28  Baneling x2  
  84  6:29  Baneling x5  
  84  6:31  Drone  
  86  6:34  Extractor  
  86  6:37  Spore Crawler  
  86  6:38  Hydralisk Den  
  83  6:40  Drone  
  83  6:41  Drone x2  
  83  6:43  Drone x3, Extractor  
  71  7:03  Zergling x18  
  71  7:08  Zergling x4  
  70  7:11  Zergling x2  
  70  7:14  Drone  
  67  7:20  Drone x2  
  69  7:26  Centrifical Hooks  
  69  7:27  Drone x2  
  71  7:38  Zergling x2  
  71  7:39  Zergling x4  
  71  7:41  Extractor  
  73  7:50  Spine Crawler  
  60  7:59  Zergling x8  
  60  8:00  Zergling x12  
  60  8:02  Drone  
  71  8:08  Drone  
  71  8:10  Drone  
  73  8:13  Spore Crawler  
  73  8:15  Spine Crawler, Drone x4  
  73  8:18  Hatchery, Drone  
  73  8:19  Overseer  
  75  8:21  Roach x2  
  75  8:23  Glial Reconstitution  
  79  8:34  Baneling x6  
  79  8:35  Baneling x12  
  79  8:37  Zergling x18  
  79  8:38  Evolution Chamber  
  79  8:39  Overlord  
  79  8:41  Evolution Chamber  
  86  8:46  Zergling x2  
  87  8:50  Zergling x8  
  87  8:54  Drone  
  92  8:58  Drone x2  
  92  8:59  Extractor  
  92  9:02  Hydralisk x6  
  94  9:16  Zergling x8  
  86  9:21  Zergling x2  
  86  9:22  Zergling x2  
  86  9:23  Zergling x6  
  90  9:25  Baneling x8  
  90  9:26  Baneling x3  
  90  9:30  Zergling x2  
  89  9:34  Zergling x8  
  89  9:37  Zergling x4  
  91  9:51  Zergling x6  
  89  10:05  Drone x3  
  92  10:10  Zergling x14  
  92  10:11  Zergling x4  
  101  10:16  Zerg Melee Weapons Level 1, Zerg Ground Armor Level 1  
  101  10:21  Drone  
  101  10:22  Drone x2  
  101  10:25  Extractor  
  101  10:26  Overlord  
  103  10:29  Roach, Extractor  
  103  10:30  Overlord  
  103  10:34  Baneling x2  
  103  10:35  Baneling x7  
  104  10:36  Baneling  
  104  10:47  Infestation Pit, Overseer  
  104  10:48  Zergling x6  
  104  10:49  Zergling x10  
  111  10:52  Queen  
  111  10:54  Drone  
  111  10:55  Drone  
  115  11:02  Muscular Augments  
  115  11:04  Drone  
  115  11:05  Drone x2  
  115  11:06  Overlord  
  115  11:08  Drone  
  119  11:16  Overlord x2  
  119  11:22  Baneling  
  119  11:23  Baneling x13  
  119  11:40  Drone x2  
  119  11:41  Overlord x2, Drone x4  
  119  11:42  Spore Crawler  
  119  11:43  Roach x4  
  119  11:44  Roach  
  119  11:46  Overlord  
  134  11:49  Baneling  
  134  11:50  Baneling x4  
  134  11:51  Baneling  
  134  12:00  Roach x4  
  134  12:01  Overlord  
  143  12:08  Ravager  
  143  12:09  Ravager x3  
  143  12:14  Grooved Spines  
  146  12:17  Zerg Melee Weapons Level 2  
  146  12:21  Overlord x3  
  146  12:35  Roach x4  
  146  12:37  Ravager x2  
  155  12:38  Ravager  
  155  12:42  Ravager  
  158  12:44  Zergling x8  
  158  12:45  Zergling x6, Overlord x2  
  165  12:51  Hive  
  158  13:08  Zergling x4  
  158  13:09  Zergling x18  
  169  13:22  Zergling x4  
  169  13:23  Zergling x12  
  156  13:52  Zergling x14  
  156  13:53  Zergling x6  
  131  14:07  Zergling x18  
  131  14:08  Zergling x4  
  105  14:12  Baneling  
  105  14:13  Baneling x19  
  105  14:16  Zergling x6  
  108  14:20  Zergling x2  
  109  14:27  Adrenal Glands  
  109  14:30  Baneling  
  109  14:31  Baneling x19  
  109  14:36  Zerg Melee Weapons Level 3, Zerg Ground Armor Level 2  
  109  14:43  Zergling x20  
  109  14:44  Zergling x6  
  122  14:47  Ultralisk Cavern  
  97  15:11  Zergling x2  
  97  15:12  Zergling x18  
  97  15:13  Zergling x4  
  99  15:17  Zergling x2  
  92  15:35  Zergling x6  
  93  15:36  Zergling x4  
  93  15:38  Zergling x2, Hatchery  
  96  15:49  Zergling x6  
  98  15:50  Hatchery  
  98  15:56  Ultralisk  
  98  15:57  Ultralisk x2  
  115  15:59  Ultralisk  
  121  16:04  Chitinous Plating  
  121  16:10  Queen  
  123  16:15  Zergling x4  
  123  16:16  Zergling x2  
  126  16:20  Baneling x2  
  126  16:21  Baneling x4  
  126  16:22  Baneling  
  126  16:23  Baneling  
  126  16:24  Baneling  
  126  16:25  Baneling  
  125  16:35  Ultralisk  
  131  16:52  Zergling x10  
  131  16:53  Zergling x10  
  141  17:08  Zerg Ground Armor Level 3  
  141  17:10  Zergling x2  
  141  17:11  Zergling x2  
  143  17:21  Zergling x4  
  143  17:22  Zergling x10  
  149  17:23  Anabolic Synthesis  
  114  17:42  Zergling x6  
  114  17:43  Zergling x14  
  113  17:46  Zergling x4  
  113  17:50  Spire  
  115  17:51  Drone x3  
  117  18:01  Zergling x8  
  117  18:02  Zergling x4  
  123  18:06  Baneling  
  123  18:07  Baneling x5  
  123  18:08  Baneling, Extractor  
  123  18:10  Baneling  
  123  18:11  Baneling  
  122  18:13  Extractor  
  121  18:20  Queen  
  123  18:32  Zergling x10  
  128  18:40  Extractor  
  126  18:45  Zergling x12  
  126  18:46  Zergling x4  
  126  18:47  Zergling x2  
  135  18:48  Zergling x2  
  135  18:54  Baneling  
  135  18:55  Baneling x9  
  136  18:56  Baneling  
  136  18:57  Baneling  
  136  18:58  Baneling  
  136  19:08  Drone  
  137  19:14  Zergling x6  
  137  19:15  Zergling x4  
  137  19:17  Zergling x6  
  143  19:27  Zergling x6  
  143  19:28  Zergling x8  
  148  19:35  Baneling x4  
  148  19:36  Baneling x9  
  148  19:37  Baneling  
  148  19:41  Greater Spire  
  148  19:42  Corruptor  
  150  19:51  Baneling x2  
  150  19:52  Baneling x8  
  150  20:12  Hatchery  
  137  20:15  Zergling x12  
  137  20:16  Zergling x6  
  137  20:19  Viper  
  137  20:20  Viper  
  152  20:24  Viper  
  152  20:27  Viper  
  158  20:30  Viper  
  161  20:40  Baneling  
  161  20:41  Baneling x2  
  161  20:42  Baneling x4  
  161  20:46  Zergling x8  
  161  20:47  Zergling x4  
  167  20:51  Overlord  
  167  20:55  Overseer x2  
  167  21:04  Zerg Flyer Armor Level 1  
  161  21:28  Zergling x8  
  161  21:29  Ultralisk x2  
  170  21:41  Drone x3  
  170  21:42  Drone x3  
  176  21:47  Drone x4  
  176  21:48  Drone  
  143  22:49  Zergling x14  
  143  22:50  Zergling x18  
  143  22:51  Zergling x14  
  123  22:55  Zergling x2  
  116  23:00  Zergling x4  
  116  23:02  Queen  
  116  23:03  Queen x2  
  116  23:04  Queen  
  126  23:14  Zergling x12  
  126  23:18  Zergling x4  
  134  23:21  Zergling x2  
  134  23:29  Zergling x8  
  134  23:32  Zergling x6  
  137  23:35  Zergling x4  
  137  23:37  Baneling  
  137  23:39  Zergling x2  
  135  23:52  Drone x3  
  138  23:57  Baneling x3  
  138  23:58  Baneling x9  
  137  24:04  Zergling x12  
  137  24:06  Zergling x2  
  138  24:11  Zergling x6  
  141  24:18  Drone x5  
  141  24:22  Drone x2  
  141  24:24  Drone x2  
  149  24:25  Drone  
  149  24:31  Zergling x8  
  154  24:37  Unknown  
  154  24:45  Zergling x12  
  158  24:46  Zergling x6  
  158  24:51  Zergling x2  
  158  24:52  Zergling x8  
  150  25:04  Zergling x10  
  150  25:05  Zergling x6  
  131  25:09  Zergling x2  
  131  25:10  Zergling x10  
  131  25:21  Zergling x10  
  131  25:22  Zergling x8  
  131  25:26  Corruptor x2  
  144  25:33  Baneling x6  
  144  25:34  Baneling x5  
  144  25:35  Baneling x2  
  144  25:36  Baneling x2  
  144  25:37  Baneling x2  
  144  25:38  Baneling  
  144  25:39  Baneling x2  
  144  25:42  Baneling x3  
  144  25:43  Baneling x4  
  144  25:44  Baneling  
  144  25:46  Viper  
  144  25:49  Viper  
  150  25:51  Viper  
  150  25:53  Viper  
  156  26:06  Zergling x8  
  160  26:12  Viper x2  
  166  26:20  Zergling x12  
  172  26:26  Hatchery  
  136  26:36  Zergling x8  
  136  26:37  Zergling x4  
  128  26:44  Zergling x10  
  128  26:45  Zergling x10  
  114  26:48  Zergling x2  
  114  26:49  Baneling x2  
  114  26:50  Baneling  
  111  26:56  Zergling x4  
  111  26:58  Baneling x3  
  89  27:11  Zergling x4  
  89  27:12  Zergling x8  
  79  27:20  Zergling x6  
  79  27:22  Zergling x2  
  78  27:24  Zergling x2  
  78  27:27  Zergling x2  
  80  27:31  Zergling x4  
  80  27:34  Zergling x2  
  80  27:36  Zergling x2  
  74  27:46  Zergling x2  
  74  27:47  Zergling x8  
  67  27:53  Baneling x5  
  67  27:56  Drone  
  68  27:58  Drone  
  68  28:01  Drone  
  65  28:13  Zergling x2  
  65  28:20  Zergling x2  
  60  28:28  Zergling x8  
  60  28:32  Zergling x2  
  60  28:34  Drone  
  62  28:39  Zergling x2  
  54  28:45  Zergling x2  
  48  28:50  Zergling x2  
  48  29:00  Zergling x2  
  49  29:07  Baneling  
  49  29:08  Baneling  
  49  29:12  Baneling  
  49  29:16  Baneling  
  49  29:21  Baneling  
  49  29:31  Zergling x2  
  50  29:33  Baneling  
  50  29:39  Zergling x2  
  51  29:46  Zergling x2  
  51  29:50  Zergling x2  
  53  29:57  Drone  
  52  30:06  Zergling x4  
  34  30:09  Baneling  
Tags
 
Add a new tag
Caveats
  • Supply blocks, unpowered buildings, or Contaminate may cause inaccurate times.
  • Supply counts are checked every 10 seconds.